 Dungeon Crawl Stone Soup version bcrawl-1.40.3b (webtiles) character file.

Game seed: 1119505537185835212

147968 yrara the Skirmisher (level 4, -3/36 HPs)
             Began as a Demonspawn Fighter on Mar 4, 2024.
             Slain by an orc
             ... wielding a +0 club
              (6 damage)
             ... on level 3 of the Dungeon on Mar 5, 2024.
             The game lasted 00:01:42 (1974 turns).

yrara the Skirmisher (Demonspawn Fighter)           Turns: 1974, Time: 00:01:42

Health: -3/36      AC:  8    Str: 16    XL:     4   Next: 75%
Magic:  4/4        EV:  9    Int: 10    God:
Gold:   144        SH:  0    Dex: 13    Spells: 3/3 levels left

rFire    . . .     GDR:     28% a - +0 flail
rCold    . . .     SeeInvis .   (no shield)
rNeg     . . .     Gourm    .   b - +0 scale mail
rPois    .         Faith    .   (helmet restricted)
rElec    .         Spirit   .   k - +0 cloak
rCorr    .         Reflect  .   (no gloves)
MR       .....                  (no boots)
Stlth    ..........             (no amulet)
HPRegen  0.16/turn              (no ring)
MPRegen  0.09/turn              (no ring)

@: no status effects
A: claws 1, hooves 1, horns 1, wild magic 1, MP-powered wands
a: no special abilities


You were on level 3 of the Dungeon.
You were hungry.

You visited 1 branch of the dungeon, and saw 3 of its levels.

You collected 144 gold pieces.

Inventory:

Hand Weapons
 a - a +0 flail (weapon)
Armour
 b - a +0 scale mail (worn)
 c - a +0 medium shield
 k - a +0 cloak (worn)
Scrolls
 f - 2 scrolls of remove curse
 i - a scroll of identify
Potions
 d - a potion of might
 g - a potion of lignification
 h - a potion of heal wounds
 m - a potion of invisibility {unknown}
Comestibles
 e - 6 rations {!d}


   Skills:
 + Level 3.6 Fighting
 * Level 3.6 Maces & Flails
 + Level 3.2 Armour
 + Level 0.2 Dodging
 + Level 0.3 Stealth
 - Level 2.6 Shields


You had 3 spell levels left.
You didn't know any spells.
Your spell library was empty.

Dungeon Overview and Level Annotations

Branches:
Dungeon (3/12)

Altars:
Trog
Wu Jian

Annotations:
D:3 Ijyb


Innate Abilities, Weirdness & Mutations

You have sharp fingernails.
You have large cloven feet.
You have a pair of small horns on your head.
Your spells are a little harder to cast, but a little more powerful.
You expend magic power (3 MP) to strengthen your wands.


Message History

You miss something. You kick something. The orc hits you with a +0 club.
Ijyb shoots a sling bullet.
Something hits you.
You barely miss something. The orc closely misses you.
Ijyb shoots a sling bullet.
The sling bullet hits you. Something hits you but does no damage.
You miss something. Your headbutt misses something. The orc barely misses you.
Ijyb zaps a wand.
Something hits you but does no damage.
Ijyb shoots a sling bullet.
The sling bullet hits you.
You miss something. Your kick misses something.
The orc hits you but does no damage. Something hits you but does no damage.
Ijyb shoots a sling bullet.
The sling bullet barely misses you. The orc hits you with a +0 club.
You hear some strange, mumbled words.
A puff of flame appears from out of thin air!
The puff of flame hits you!
* * * LOW HITPOINT WARNING * * *
You miss something. You kick something.
Ijyb shoots a sling bullet.
The sling bullet hits you but does no damage.
Something hits you but does no damage. The orc hits you with a +0 club.
You die...

......# #.# #.##....##
......# #.#.
...#####.# ......#
#.#.###.# #.# ......#
#.......# ### ......##
#....### #####..##
#....# ##
....≈≈..♣♣♣P.≈≈# .#
..#.≈≈P.....P≈≈#####.#
#....♣♣.♣♣....@{.#)#
#.P.♣♣..P♣♣..o##g..#
##♣.♣P...P♣.♣......#
♣..b._....♣.####...
♣.♣P....♣.♣.# ..##
#..♣♣P..♣♣.P.# ..# #.
♣♣.♣♣P...# #.# # ....
P≈≈## .. ..♣♣♣ .≈≈#
...


You could see Ijyb and an orc.

Vanquished Creatures
  3 adders
  5 worms
  4 dart slugs (D:1)
  5 leopard geckos
  An orc (D:3)
  7 giant cockroaches
  9 goblins
  7 hobgoblins
  2 jackals (D:1)
  3 kobolds
  3 quokkas
  5 bats
  4 frilled lizards
  3 rats
61 creatures vanquished.

Notes
Turn   | Place    | Note
-------+----------+-------------------------------------------
     0 | D:1      | yrara the Demonspawn Fighter began the quest for the Orb.
     0 | D:1      | Reached XP level 1. HP: 18/18 MP: 1/1
   110 | D:1      | Gained mutation: You have a pair of small horns on your
                  | head. [demonic ancestry]
   110 | D:1      | Reached XP level 2. HP: 19/24 MP: 2/2
   438 | D:1      | Gained mutation: You have sharp fingernails. [demonic
                  | ancestry]
   438 | D:1      | Reached XP level 3. HP: 28/29 MP: 3/3
  1116 | D:2      | Gained mutation: You have large cloven feet. [demonic
                  | ancestry]
  1116 | D:2      | Reached XP level 4. HP: 35/35 MP: 4/4
  1131 | D:2      | Found an ornate altar of the Wu Jian Council.
  1323 | D:2      | Found a bloodstained altar of Trog.
  1837 | D:2      | Gained mutation: You are clumsy. (Dex -2) [potion of
                  | mutation]
  1837 | D:2      | Gained mutation: Your skin changes colour to match your
                  | surroundings (Stealth+). [potion of mutation]
  1838 | D:2      | Lost mutation: Your skin changes colour to match your
                  | surroundings (Stealth+). [potion of mutation]
  1838 | D:2      | Lost mutation: You are clumsy. (Dex -2) [potion of
                  | mutation]
  1838 | D:2      | Gained mutation: You expend magic power (3 MP) to
                  | strengthen your wands. [potion of mutation]
  1838 | D:2      | Gained mutation: Your mind is acute. (Int +2) [potion of
                  | mutation]
  1838 | D:2      | Lost mutation: Your mind is acute. (Int +2) [potion of
                  | mutation]
  1838 | D:2      | Gained mutation: Your spells are a little harder to cast,
                  | but a little more powerful. [potion of mutation]
  1920 | D:3      | Found a glowing golden altar of the Shining One.
  1933 | D:3      | Found a white marble altar of Elyvilon.
  1947 | D:3      | Noticed Ijyb
  1974 | D:3      | Slain by an orc

Skill      XL: |  1  2  3 |
---------------+----------+-----
Maces & Flails | 2 3 |  3.6
Armour         | 3 |  3.2
Fighting       | |  3.6
Dodging        | |  0.2
Stealth        | |  0.3
Shields        | |  2.6

Action                   |  1- 3 |  4- 6 || total
-------------------------+-------+-------++-------
Melee: Flail             |   116 |    69 ||   185
       Headbutt          |    16 |     8 ||    24
       Kick              |       |    20 ||    20
  Use: Scroll            |     2 |     3 ||     5
       Potion            |       |     2 ||     2
  Eat: Chunk             |     4 |     4 ||     8
Armor: Scale mail        |    49 |    43 ||    92
Dodge: Dodged            |    56 |    45 ||   101
